 Dungeon Crawl Stone Soup version 0.19-a0-1254-gb9c29c0 (webtiles) character file.

180627 4thArraOfDagon the Fencer (level 17, -19/156 HPs)
             Began as a Minotaur Chaos Knight on Aug 27, 2016.
             Demolished by an Ice Fiend (27 damage)
             ... summoned by a deep elf demonologist
             ... on level 3 of the Elven Halls.
             The game lasted 01:35:32 (16300 turns).

4thArraOfDagon the Fencer (Minotaur Chaos Knight)  Turns: 16300, Time: 01:35:33

Health: -19/156    AC: 22    Str: 20    XL:     17   Next: 65%
Magic:  19/19      EV: 34    Int: 14    God:    Xom [....*.]
Gold:   974        SH:  0    Dex: 36    Spells: 4 memorised, 10 levels left

rFire  + . .     SeeInvis .     Y - +8 great sword "Uskoal" {freeze, MR+ Dex+6 Stlth+}
rCold  . . .     Gourm    .     w - +1 ring mail "Ceapt" {+Inv Regen+}
rNeg   + . .     Faith    .     (shield currently unavailable)
rPois  .         Spirit   .     (helmet restricted)
rElec  +         Dismiss  .     A - +1 cloak of Starlight {rElec rC+ EV+4 Stlth--}
rCorr  .         Reflect  .     B - +2 pair of gloves
MR     ++...     Harm     .     E - +2 pair of boots {Fly}
Stlth  .......... Clarity  +    h - amulet of the First Nights {RegenMP rC- rN+ Dex+7 Stlth-}
                                J - ring of Zumnodom {*Drain +Inv rElec AC+4 Dex+7}
                                M - +5 ring of dexterity

@: about to teleport
A: retaliatory headbutt, horns 2, talons 1, iridescent scales 1, clarity,
deformed body, fire resistance 1, low mp 1, mutation resistance 1, strong 1, no
device heal 1
a: Renounce Religion, Evoke Invisibility, Evoke Flight


You were on level 3 of the Elven Halls.
You worshipped Xom.
You were a beloved toy of Xom.
You were full.

You visited 5 branches of the dungeon, and saw 28 of its levels.
You also visited: Labyrinth, Ice Cave, Volcano, Wizlab and Desolation.

You collected 3063 gold pieces.
You spent 2089 gold pieces at shops.

Inventory:

Hand Weapons
 s - a +4 scimitar of flaming
 Y - the +8 great sword "Uskoal" (weapon) {freeze, MR+ Dex+6 Stlth+}
   (You found it in an ice cave)

   It has been specially enchanted to freeze those struck by it, causing extra
   injury to most foes and up to half again as much damage against particularly
   susceptible opponents.
   It can also slow down cold-blooded creatures.
   It affects your dexterity (+6).
   It affects your resistance to hostile enchantments.
   It makes you more stealthy.
Missiles
 L - 3 throwing nets (quivered)
Armour
 w - the +1 ring mail "Ceapt" (worn) {+Inv Regen+}
   (You found it on level 9 of the Dungeon)

   It lets you turn invisible.
   It increases your rate of regeneration.
 A - the +1 cloak of Starlight (worn) {rElec rC+ EV+4 Stlth--}
   (You found it in a wizard's laboratory)

   It affects your evasion (+4).
   It protects you from cold.
   It insulates you from electricity.
   It makes you much less stealthy.
 B - a +2 pair of gloves (worn)
 E - a +2 pair of boots of flying (worn)
 P - a +2 plate armour of poison resistance
 V - the +1 leather armour of Action {rF+ rN++ MR+++ Int-4, unknown}
   (You took it off a deep elf knight on level 3 of the Elven Halls)

   It affects your intelligence (-4).
   It protects you from fire.
   It greatly protects you from negative energy.
   It affects your resistance to hostile enchantments.
 W - the +2 cloak of the Thief {+Fog Slay-2 SInv Stlth+}
   (You found it in a wizard's laboratory)

   It affects your accuracy and damage with ranged weapons and melee attacks
   (-2).
   It lets you see invisible.
   It can be evoked to emit clouds of fog.
   It makes you more stealthy.
Rods
 e - a +0 rod of ignition (12/12)
   (You found it in the Desolation of Salt)
Jewellery
 b - an uncursed ring of protection from fire
 g - an uncursed amulet of regeneration
 h - the amulet of the First Nights (around neck) {RegenMP rC- rN+ Dex+7 Stlth-}
   (You bought it in a shop on level 14 of the Dungeon)

   [amulet of magic regeneration]

   It increases your magic regeneration.
   It affects your dexterity (+7).
   It makes you vulnerable to cold.
   It protects you from negative energy.
   It makes you less stealthy.
 i - an uncursed ring of protection from cold
 I - an uncursed ring of protection from fire
 J - the ring of Zumnodom (right hand) {*Drain +Inv rElec AC+4 Dex+7}
   (You found it in a labyrinth)

   [ring of protection]

   It affects your AC (+4).
   It affects your dexterity (+7).
   It insulates you from electricity.
   It lets you turn invisible.
   It causes draining when unequipped.
 M - a +5 ring of dexterity (left hand)
 N - an uncursed ring of positive energy
Wands
 d - a wand of paralysis (9/24)
 m - a wand of acid (7/15)
 u - a wand of confusion (37/48)
 v - a wand of digging (15/24)
 D - a wand of digging (3/24)
 F - a wand of teleportation (5/9)
Scrolls
 l - a scroll of fear
 o - 3 scrolls of recharging
 p - 6 scrolls of remove curse
 q - 2 scrolls of enchant weapon
 t - 2 scrolls of teleportation
 x - a scroll of fog
 z - 2 scrolls of immolation
 C - a scroll of brand weapon
 R - a scroll of silence
 S - 4 scrolls of blinking
 T - a scroll of holy word
 Z - 2 scrolls of magic mapping
Potions
 a - 3 potions of agility
 j - a potion of magic
 k - 2 potions of berserk rage
 n - 6 potions of flight
 r - 2 potions of invisibility
 H - 4 potions of might
 K - 6 potions of brilliance
 O - 6 potions of curing
 Q - a potion of haste
 U - 2 potions of heal wounds
 X - 4 potions of resistance
Miscellaneous
 y - a lamp of fire
 G - a box of beasts
Comestibles
 c - 12 bread rations
 f - 13 meat rations


   Skills:
 + Level 15.5 Fighting
 * Level 20.5 Long Blades
 + Level 14.2 Armour
 * Level 15.3 Dodging
 - Level 3.5 Spellcasting
 - Level 7.0 Transmutations
 - Level 7.3 Earth Magic
 - Level 6.1 Evocations


You had 10 spell levels left.
You knew the following spells:

 Your Spells              Type           Power        Failure   Level  Hunger
a - Statue Form           Tmut/Erth      ###......    99%         6    #######
b - Apportation           Tloc           #.........   34%         1    None
c - Passage of Golubria   Tloc           N/A          100%        4    ####...
d - Blink                 Tloc           N/A          54%         2    ##.....


Dungeon Overview and Level Annotations

Branches:
Dungeon (15/15)            Temple (0/1) D:5            Lair (6/6) D:9
  Swamp (0/4) Lair:4        Snake (2/4) Lair:2          Orc (2/2) D:11
    Elf (3/3) Orc:2        Vaults (0/5) D:13         Depths (0/5) D:15
  Slime: Lair:5-6

Altars:
Dithmenos
Fedhas
Hepliaklqana
Kikubaaqudgha
Sif Muna
Xom

Shops:
D:10 [!*?   D:14 =   Orc:1 ?   Orc:2 %=*!(   Elf:1 [   Elf:2 [   Snake:1 !

Annotations:
D:11 4thArraOfDagon's ghost, novice TrFi
D:13 Rupert
D:15 junb69's ghost, journeyman MfGl
Lair:5 exclusion: 2 oklob plants


Innate Abilities, Weirdness & Mutations

You reflexively headbutt those who attack you in melee.
You have a pair of horns on your head.
You have sharp toenails.
You are partially covered in iridescent scales. (AC +2)
You possess an exceptional clarity of mind.
Armour fits poorly on your strangely shaped body.
Your flesh is heat resistant. (rF+)
Your magical capacity is low. (-10% MP)
You are somewhat resistant to further mutation.
Your muscles are strong. (Str +2)
Potions and wands are less effective at restoring your health.


Message History

The Ice Fiend claws you but does no damage.
The Ice Fiend completely misses you.
Unknown command.
As you read the scroll of teleportation, it crumbles to dust.
You feel strangely unstable. The Ice Fiend gestures at you.
The bolt of cold hits you!
* * * LOW HITPOINT WARNING * * *
Unknown command.
Your system partially rejects the healing.
You feel better. The Ice Fiend claws you.
* * * LOW HITPOINT WARNING * * *
The Ice Fiend freezes you!!
* * * LOW HITPOINT WARNING * * *
You emit a cloud of colourful smoke!
The Ice Fiend claws you!
* * * LOW HITPOINT WARNING * * *
The Ice Fiend freezes you!!
You die...
Xom thinks this is hilarious!

#..# ∆∆∆ ∆∆e∆∆
#ee# ∆∆∆∆∆∆∆ ∆
∆∆∆∆∆ #1.# ∆∆∆∆∆∆∆
∆∆e ∆∆∆e #..#
∆∆∆∆∆∆∆ ∆ ∆∆∆ ∆
#..# ∆∆∆∆∆∆∆ #≈≈#
#≈≈# #######)≈#
#@#)e)3e.#########
##1##)#..##.......
#.##.##.....<#####
#.##.# #####..# #.
#.##.# #..# #.
#.#...## #..####.
#.#.....###
#.......
#.#........##
#..####.
##...####...# #..#
#.


You could see an Ice Fiend.

Vanquished Creatures
  A deep elf blademaster (Elf:3)
  2 deep elf master archers (Elf:3)
  Frances (Snake:1)
  A tentacled starspawn (WizLab)
  An eldritch tentacle (WizLab)
  A frost giant (IceCv)
  2 imperial myrmidons (Desolation)
  2 deep elf sorcerers (Elf:3)
  Louise (Elf:3)
  A deep elf elementalist (Elf:3)
  The ghost of azzavlup the Bludgeoner, a journeyman OgGl of Ru (Lair:6)
  3 deep elf demonologists (Elf:3)
  Azrael (D:12)
  9 ragged hierophants (Desolation)
  4 deep elf annihilators (Elf:3)
  Snorg (Orc:2)
  4 deep elf death magi (Elf:3)
  3 crystal guardians (Desolation)
  A minotaur (Lab)
  Josephine (D:14)
  A fire dragon (Volcano)
  A deep elf high priest (Elf:3)
  Erolcha (D:12)
  9 hydras
  Harold (D:12)
  A rakshasa (WizLab)
  5 peacekeepers
  2 naga warriors (Snake:1)
  The ghost of azzavlup the Grappler, a novice TrFi (Lair:1)
  2 alligator snapping turtles (Desolation)
  2 centaur warriors (D:13)
  3 anacondas (Snake:1)
  A catoblepas (Lair:6)
  6 dancing weapons
  4 servants of whispers (Desolation)
  A deep troll shaman (Lair:6)
  A queen ant (Elf:1)
  A shock serpent (Snake:1)
  5 death yaks (Lair:6)
  2 tengu warriors
  A naga sharpshooter (Snake:1)
  10 deep elf knights
  A skeletal warrior (D:15)
  An unseen horror (D:12)
  A death drake (Elf:3)
  3 deep elf archers
  3 naga ritualists (Snake:1)
  A wizard (WizLab)
  A lindwurm (Lair:3)
  An obsidian statue (WizLab)
  3 mana vipers (Snake:1)
  An orange crystal statue (D:12)
  6 orc knights
  A necromancer (D:15)
  3 griffons
  4 hill giants
  36 deep elf magi
  A stone giant zombie (D:15)
  2 orc sorcerers
  2 ugly things
  2 salamanders
  A worldbinder (WizLab)
  3 cyclopes
  A manticore (D:14)
  7 guardian serpents
  A fire giant skeleton (D:15)
  16 elephants
  2 torpor snails
  4 spiny frogs
  12 black mambas
  3 centaur zombies
  3 gargoyles
  An ice statue (IceCv)
  2 centaur skeletons
  A komodo dragon (shapeshifter) (D:15)
  3 komodo dragons
  A demonic crawler (WizLab)
  A rime drake (Lair:4)
  2 ice devils (D:14)
  A tengu conjurer (D:14)
  An ancient zyme (WizLab)
  A red devil (WizLab)
  5 steam dragons
  A yaktaur skeleton (WizLab)
  4 trolls
  3 two-headed ogres
  19 polar bears
  44 saltlings (Desolation)
  13 blink frogs
  3 dream sheep (Lair:3)
  A boulder beetle (Lair:4)
  A meliai zombie (D:12)
  An air elemental (Elf:3)
  39 yaks
  5 wraiths
  A water elemental (Elf:3)
  5 fire elementals
  15 humans
  7 wyverns (Volcano)
  A large abomination (WizLab)
  8 fire bats
  5 vampire mosquitoes (Lair:6)
  A basilisk (Lair:6)
  5 hippogriffs
  A chaos spawn (WizLab)
  2 mottled dragons (Volcano)
  A spatial vortex (WizLab)
  4 insubstantial wisps (WizLab)
  2 wargs (D:15)
  6 nagas (Snake:1)
  11 water moccasins
  3 hell hounds
  34 orc warriors
  3 porcupines
  A small abomination (WizLab)
  A swamp drake (D:11)
  A sky beast (D:13)
  2 ice beasts (D:8)
  3 starcursed masses (WizLab)
  A black bear (D:10)
  4 necrophages
  31 wolves
  18 centaurs
  5 ogres
  28 crocodiles
  12 giant frogs
  3 big kobolds
  A gnoll sergeant (D:8)
  A wyvern zombie (D:13)
  3 earth elementals
  2 scorpions
  2 wyvern skeletons
  3 wights (D:10)
  15 killer bees
  An electric eel (Lair:3)
  2 howler monkeys (D:14)
  5 crimson imps
  3 giant frog zombies
  2 lava snakes (D:12)
  6 hounds
  4 jellies
  15 orc priests
  An iron imp (WizLab)
  A giant frog skeleton (D:5)
  16 iguanas
  Natasha (twice) (D:3)
  14 orc wizards
  4 worker ants
  2 worker ant zombies (D:10)
  3 gnolls (D:8)
  5 adders
  47 river rats
  2 shadow imps
  An ufetubus (WizLab)
  2 oozes
  An adder skeleton (D:10)
  2 worms (D:2)
  2 dart slugs
  14 giant geckos
  69 orcs
  2 bats (D:2)
  A hobgoblin (D:2)
  7 quokkas
  11 giant newts
  A jackal skeleton (D:4)
  A jackal zombie (D:6)
  13 kobolds
  A fire vortex (D:12)
  A fungus (Lair:3)
  A plant (Lair:6)
898 creatures vanquished.

Vanquished Creatures (collateral kills)
  An imperial myrmidon (Desolation)
  2 alligator snapping turtles (Desolation)
  A black mamba (Snake:1)
  7 saltlings (Desolation)
  A hippogriff (D:7)
  2 hell hounds (D:9)
  Duvessa (D:7)
  An orc warrior (D:11)
  A sky beast (D:9)
  2 ice beasts
  An ogre (D:8)
  A gnoll sergeant (D:7)
  Dowan (D:7)
  2 scorpions
  A centaur zombie (D:10)
  An orc wizard (D:6)
  A giant frog skeleton (D:11)
  3 worker ants
  A hound skeleton (D:7)
  A mummy (D:10)
  4 gnolls
  An orc (D:7)
37 creatures vanquished.

Vanquished Creatures (others)
  A yak (IceCv)
  A wyvern (D:7)
  An ogre (D:10)
  4 kobolds (D:10)
  2 fire vortices (D:12)
  A lurking horror (WizLab)
  2 plants
  4 starspawn tentacles (WizLab)
  5 withered plants
21 creatures vanquished.

Grand Total: 956 creatures vanquished

Notes
Turn   | Place    | Note
-------+----------+-------------------------------------------
     0 | D:1      | 4thArraOfDagon the Minotaur Chaos Knight began the quest for the Orb.
     0 | D:1      | Reached XP level 1. HP: 19/19 MP: 0/0
   116 | D:2      | Reached XP level 2. HP: 27/27 MP: 1/1
   132 | D:2      | Reached skill level 4 in Long Blades
   149 | D:2      | XOM: silly message
   235 | D:3      | Reached XP level 3. HP: 33/33 MP: 2/2
   269 | D:3      | Found a hazy altar of Hepliaklqana.
   367 | D:3      | Noticed Natasha
   381 | D:3      | Killed Natasha
   381 | D:3      | Reached skill level 5 in Long Blades
   381 | D:3      | Reached XP level 4. HP: 13/41 MP: 3/3
   440 | D:3      | Noticed Natasha
   455 | D:3      | Killed Natasha
   465 | D:3      | Found a shadowy altar of Dithmenos.
   654 | D:4      | Reached XP level 5. HP: 37/47 MP: 4/4
   850 | D:4      | Found an ancient bone altar of Kikubaaqudgha.
   883 | D:4      | Reached skill level 5 in Fighting
   883 | D:4      | Reached skill level 6 in Long Blades
  1067 | D:5      | Entered Level 5 of the Dungeon
  1074 | D:5      | Reached XP level 6. HP: 56/56 MP: 5/5
  1088 | D:5      | Found a staircase to the Ecumenical Temple.
  1149 | D:5      | XOM: medium Air miscast
  1293 | D:5      | Found a shimmering altar of Xom.
  1379 | D:6      | Reached skill level 7 in Long Blades
  1623 | D:6      | Reached XP level 7. HP: 61/61 MP: 6/6
  1662 | D:6      | Reached skill level 5 in Armour
  1772 | D:7      | Noticed a wyvern
  1774 | D:7      | Noticed a steam dragon
  1782 | D:7      | XOM: enchant monster (good)
  1812 | D:7      | Reached skill level 8 in Long Blades
  1819 | D:7      | Killed a steam dragon
  1841 | D:7      | Noticed a hippogriff
  1865 | D:7      | XOM: summons 3 hostile demons
  1871 | D:7      | Reached XP level 8. HP: 31/71 MP: 7/7
  1956 | D:7      | Reached skill level 9 in Long Blades
  1972 | D:7      | Killed Duvessa
  1974 | D:7      | Killed Dowan
  2013 | D:8      | XOM: cast spell 'Statue Form'
  2050 | D:8      | Reached skill level 10 in Long Blades
  2051 | D:8      | XOM: summons 5 friendly demons
  2119 | D:8      | XOM: enchant monster (bad)
  2136 | D:9      | Reached XP level 9. HP: 66/81 MP: 8/8
  2239 | D:9      | XOM: summons 9 friendly demons
  2261 | D:10     | Entered Level 10 of the Dungeon
  2356 | D:10     | XOM: summons 2 friendly demons
  2374 | D:10     | Reached skill level 1 in Evocations
  2383 | D:10     | XOM: noise
  2432 | D:10     | XOM: confuse monster(s)
  2443 | D:10     | Noticed a gargoyle
  2460 | D:10     | XOM: god gift: scimitar {god gift}
  2461 | D:10     | XOM: summons friendly ufetubus
  2462 | D:10     | XOM: enchant monster (good)
  2585 | D:9      | Noticed a troll
  2598 | D:9      | XOM: potion effect (agility)
  2605 | D:9      | Killed a troll
  2605 | D:9      | Reached skill level 11 in Long Blades
  2621 | D:9      | Found a blossoming altar of Fedhas.
  2633 | D:9      | Got a crude ring mail
  2644 | D:9      | Identified the +1 ring mail "Ceapt" {+Inv Regen+} (You found it on level 9 of the Dungeon)
  2673 | D:9      | Noticed a troll
  2674 | D:9      | XOM: enchant monster (good)
  2712 | D:9      | Killed a troll
  2719 | D:9      | Found a staircase to the Lair.
  2840 | D:11     | Noticed a gargoyle
  2841 | D:11     | Noticed 4thArraOfDagon's ghost (novice TrFi)
  2844 | D:10     | XOM: polymorph jelly -> iguana
  2872 | D:10     | Found Waiwk's Antique Armour Shop.
  2877 | D:10     | Bought a pair of glowing gloves for 108 gold pieces
  2896 | D:10     | Found Iggonaenn's Assorted Antiques.
  2903 | D:10     | Noticed a hill giant
  2905 | D:10     | Bought a scroll labeled PUSODW XITE for 34 gold pieces
  2905 | D:10     | Bought a scroll labeled GAEG YTIXI for 34 gold pieces
  2932 | D:10     | Killed a hill giant
  2994 | D:10     | XOM: destruction
  3005 | D:10     | timbw: lol
  3010 | D:10     | timbw: that guy
  3016 | D:10     | timbw: fireballed his friends
  3032 | D:10     | timbw: why the fuck did he do that
  3047 | D:10     | timbw: this ai is weird man
  3063 | D:10     | durraq: https://www.youtube.com/watch?v=PLBzBb1_SAE
  3068 | D:10     | Found Amelep's Magic Scroll Emporium.
  3085 | D:10     | Reached XP level 10. HP: 76/91 MP: 12/12
  3087 | D:10     | Bought a scroll of teleportation for 48 gold pieces
  3131 | D:10     | 4thArraOfDagon: man that strea
  3131 | D:10     | 4thArraOfDagon: i love it
  3136 | D:10     | XOM: god gift: 25 sling bullets
  3219 | D:10     | Reached skill level 12 in Long Blades
  3326 | D:11     | XOM: enchant monster (good)
  3360 | D:11     | XOM: polymorph jelly -> ooze
  3369 | D:11     | XOM: scenery: create altars
  3412 | D:11     | XOM: scenery: 2 doors open, 1 doors close
  3426 | D:11     | XOM: fog
  3584 | D:11     | XOM: scenery: 1 doors close
  3598 | D:11     | XOM: cleaving
  3601 | D:11     | XOM: summons friendly crimson imp
  3605 | D:11     | XOM: enchant monster (good)
  3607 | D:11     | XOM: summons friendly ufetubus
  3611 | D:11     | XOM: divination: detect items
  3613 | D:11     | Reached skill level 5 in Evocations
  3666 | D:10     | XOM: divination: detect creatures
  3675 | D:10     | Killed a gargoyle
  3683 | D:10     | Found Wysoig's Distillery.
  3713 | D:10     | XOM: god gift: book of Callings
  3894 | D:12     | 4thArraOfDagon: those retro sounds i fckin love it
  3936 | D:12     | Found a labyrinth entrance.
  3943 | Lab      | XOM: stealth player
  3943 | Lab      | Entered a labyrinth
  4044 | Lab      | Noticed a minotaur
  4049 | Lab      | Killed a minotaur
  4049 | Lab      | Reached skill level 13 in Long Blades
  4076 | Lab      | Got a heavily runed iron ring
  4093 | Lab      | Identified the ring of Zumnodom {*Drain +Inv rElec AC+4 Dex+7} (You found it in a labyrinth)
  4133 | D:12     | Noticed a cyan ugly thing
  4142 | D:12     | Killed a cyan ugly thing
  4142 | D:12     | Reached skill level 10 in Fighting
  4142 | D:12     | Reached XP level 11. HP: 98/98 MP: 14/14
  4182 | D:12     | Noticed Erolcha
  4194 | D:12     | durraq: is your evo enough for ring's +Inv?
  4195 | D:12     | Paralysed by Erolcha for 3 turns
  4196 | D:12     | Noticed Azrael
  4200 | D:12     | XOM: harmless Ice miscast
  4202 | D:12     | Killed Erolcha
  4203 | D:12     | Noticed an orange crystal statue
  4206 | D:12     | 4thArraOfDagon: idk lol
  4207 | D:12     | HP: 5/100 [mottled dragon[an orange crystal statue] (4)]
  4356 | D:12     | Noticed a hill giant
  4392 | D:12     | XOM: summons friendly crimson imp
  4408 | D:12     | Noticed a four-headed hydra
  4415 | D:12     | Noticed Harold
  4415 | D:12     | XOM: chaos upgrade
  4511 | D:11     | XOM: confusion (+ monsters)
  4515 | D:11     | XOM: 2-stop teleportation journey
  4518 | D:11     | XOM: fog
  4527 | D:11     | Reached skill level 10 in Armour
  4674 | D:12     | Killed an unseen horror
  4720 | D:11     | Reached skill level 14 in Long Blades
  4756 | D:11     | XOM: harmless Tmut miscast
  4794 | D:13     | Found a gate to the Vaults.
  4794 | D:13     | Noticed an orc knight
  4794 | D:13     | Noticed an orc knight
  4794 | D:13     | Noticed a centaur warrior
  4794 | D:13     | Noticed Rupert
  4794 | D:13     | XOM: enchant monster (good)
  4800 | D:14     | XOM: enchant monster (bad)
  4843 | D:15     | Entered Level 15 of the Dungeon
  4849 | D:15     | XOM: harmless Air miscast
  4867 | D:15     | Noticed a tengu warrior
  4870 | D:15     | XOM: enchant monster (good)
  4888 | D:15     | Killed a tengu warrior
  4893 | D:15     | XOM: god gift: translucent chain mail {god gift}
  4922 | D:15     | Got a translucent chain mail {god gift}
  4935 | D:15     | Identified the cursed +0 chain mail of Vahe {MP+9} (Xom gifted it to you on level 15 of the Dungeon)
  5054 | D:14     | Found a frozen archway.
  5068 | IceCv    | Entered an ice cave
  5096 | IceCv    | XOM: silly message
  5142 | IceCv    | XOM: give mutations
  5142 | IceCv    | Gained mutation: Your muscles are strong. (Str +2) [Xom's mischief]
  5142 | IceCv    | Gained mutation: You possess an exceptional clarity of mind. [Xom's mischief]
  5146 | IceCv    | XOM: swap monsters
  5157 | IceCv    | XOM: divine lightning (protected)
  5200 | IceCv    | XOM: god gift: 38 gold pieces
  5280 | IceCv    | Reached XP level 12. HP: 81/110 MP: 15/15
  5441 | IceCv    | XOM: mild Necr miscast
  5442 | IceCv    | Reached skill level 5 in Dodging
  5484 | IceCv    | Reached skill level 15 in Long Blades
  5488 | IceCv    | XOM: harmless Divn miscast
  5623 | IceCv    | Noticed a frost giant
  5629 | IceCv    | XOM: confuse monster(s)
  5642 | IceCv    | Killed a frost giant
  5644 | IceCv    | XOM: summons 2 hostile demons
  5689 | IceCv    | Got an ancient great sword
  5690 | IceCv    | Identified the +8 great sword "Uskoal" {freeze, MR+ Dex+6 Stlth+} (You found it in an ice cave)
  5868 | D:13     | Noticed a seven-headed hydra
  5900 | D:13     | XOM: harmless Erth miscast
  5907 | D:13     | XOM: mild Erth miscast
  5910 | D:13     | XOM: 1-stop teleportation journey
  5942 | D:13     | Noticed a centaur warrior
  5947 | D:13     | XOM: summons friendly shadow imp
  5953 | D:13     | Killed a centaur warrior
  5960 | D:13     | XOM: scenery: 1 doors open
  6096 | D:13     | Identified Tihud's Papyrus of Icy Attacks
  6101 | D:13     | XOM: harmless Pois miscast
  6144 | D:13     | XOM: medium Pois miscast
  6173 | D:13     | XOM: harmless Conj miscast
  6192 | D:13     | Reached skill level 16 in Long Blades
  6318 | D:13     | XOM: divination: magic mapping
  6353 | D:13     | XOM: potion effect (haste)
  6506 | D:14     | XOM: cloud trail
  6513 | D:14     | Reached XP level 13. HP: 97/118 MP: 16/16
  6527 | D:14     | Noticed Josephine
  6543 | D:14     | Killed Josephine
  6638 | D:14     | XOM: divination: detect items
  6676 | D:14     | XOM: cast spell 'Cause Fear'
  6790 | D:15     | XOM: 4-stop teleportation journey
  6847 | D:15     | XOM: noise
  6872 | D:15     | XOM: scenery: create altars
  6877 | D:15     | XOM: confuse monster(s)
  6883 | D:15     | XOM: scenery: create altars
  6955 | D:15     | XOM: silly message
  6960 | D:15     | Gained mutation: Your flesh is heat resistant. (rF+) [mutagenic meat]
  7009 | D:15     | XOM: divination: magic mapping
  7050 | D:15     | Found a staircase to the Depths.
  7052 | D:15     | XOM: silly message
  7058 | D:15     | XOM: potion effect (agility)
  7080 | D:15     | XOM: harmless Tmut miscast
  7085 | D:15     | XOM: divination: detect items
  7113 | D:15     | XOM: cast spell 'Summon Butterflies'
  7121 | D:15     | Noticed junb69's ghost (journeyman MfGl)
  7284 | D:14     | Found Uvauhydu's Jewellery Emporium.
  7305 | D:14     | XOM: smoke on damage
  7336 | D:14     | Bought an uncursed amulet of regeneration for 360 gold pieces
  7437 | D:13     | XOM: cast spell 'Call Canine Familiar'
  7463 | D:13     | XOM: confuse monster(s)
  7478 | D:13     | XOM: mild Air miscast
  7480 | D:13     | XOM: cast spell 'Summon Mana Viper'
  7513 | D:12     | Killed Azrael
  7516 | D:12     | XOM: potion effect (might)
  7584 | D:12     | Reached skill level 17 in Long Blades
  7642 | D:12     | XOM: potion effect (invisibility)
  7652 | D:12     | Killed Harold
  7777 | D:11     | Found a staircase to the Orcish Mines.
  7832 | D:11     | Gained mutation: You are resistant to hostile enchantments. (MR+) [potion of mutation]
  7832 | D:11     | Gained mutation: Armour fits poorly on your strangely shaped body. [potion of mutation]
  7832 | D:11     | Gained mutation: Potions and wands are less effective at restoring your health. [potion of mutation]
  7935 | Orc:1    | Entered Level 1 of the Orcish Mines
  8064 | Orc:2    | Entered Level 2 of the Orcish Mines
  8064 | Orc:2    | Found a staircase to the Elven Halls.
  8080 | Orc:2    | Noticed Snorg
  8090 | Orc:2    | Killed Snorg
  8090 | Orc:2    | Reached skill level 10 in Dodging
  8146 | Orc:2    | Found Owujis's Food Emporium.
  8297 | Orc:1    | XOM: harmless Pois miscast
  8319 | Orc:1    | XOM: god gift: 33 gold pieces
  8331 | Orc:1    | Found Oxamuf's Magic Scroll Emporium.
  8339 | Orc:1    | Bought a scroll of enchant armour for 82 gold pieces
  8339 | Orc:1    | Bought a scroll of teleportation for 33 gold pieces
  8339 | Orc:1    | Bought a scroll of blinking for 82 gold pieces
  8339 | Orc:1    | Bought a scroll of identify for 22 gold pieces
  8339 | Orc:1    | Bought a scroll of identify for 22 gold pieces
  8339 | Orc:1    | Bought a scroll of identify for 22 gold pieces
  8543 | Orc:2    | XOM: scenery: create altars
  8587 | Orc:2    | XOM: scenery: create altars
  8661 | Orc:2    | Reached XP level 14. HP: 94/129 MP: 17/17
  8689 | Orc:2    | XOM: give mutations
  8689 | Orc:2    | Gained mutation: You are somewhat resistant to further mutation. [Xom's grace]
  8689 | Orc:2    | Gained mutation: You have sharp toenails. [Xom's grace]
  8698 | Orc:2    | Found Dodur's Distillery.
  8698 | Orc:2    | Found Zaabotal's General Store.
  8700 | Orc:2    | Found Cysmike's Jewellery Shop.
  8746 | Orc:2    | Found Pimyv's Weapon Shoppe.
  8757 | Orc:2    | Bought a potion of heal wounds for 90 gold pieces
  8820 | Orc:2    | XOM: god gift: ring mail {god gift}
  9053 | D:14     | Bought the amulet of the First Nights {RegenMP rC- rN+ Dex+7 Stlth-} for 570 gold pieces
  9204 | Lair:1   | Entered Level 1 of the Lair of Beasts
  9230 | Lair:1   | Learned a level 6 spell: Statue Form
  9475 | Lair:1   | Noticed azzavlup's ghost (novice TrFi)
  9485 | Lair:1   | XOM: god gift: beef jerky
  9490 | Lair:1   | Killed azzavlup's ghost
  9494 | Lair:1   | RIP bud
  9587 | Lair:1   | Reached skill level 1 in Earth Magic
  9603 | Lair:2   | XOM: confuse monster(s)
  9665 | Lair:2   | Reached skill level 1 in Transmutations
  9725 | Lair:2   | XOM: cast spell 'Necromutation'
  9797 | Lair:2   | XOM: confuse monster(s)
  9800 | Lair:2   | Found a staircase to the Snake Pit.
  9976 | Lair:3   | XOM: scenery: 1 doors open
 10022 | Lair:3   | Reached skill level 1 in Spellcasting
 10076 | Lair:3   | 4thArraOfDagon: wow
 10076 | Lair:3   | 4thArraOfDagon: is it THAT BRANCH
 10078 | Lair:3   | XOM: harmless Divn miscast
 10121 | Lair:3   | Found a dark tunnel.
 10129 | Volcano  | Entered a volcano
 10222 | Volcano  | XOM: enchant monster (good)
 10384 | Lair:3   | XOM: summons 3 hostile shadow creatures
 10496 | Lair:3   | XOM: harmless Summ miscast
 10600 | Lair:4   | Found a shimmering altar of Xom.
 10729 | Lair:4   | Found a staircase to the Swamp.
 10738 | Lair:4   | Reached skill level 18 in Long Blades
 10756 | Lair:4   | XOM: destruction
 10898 | Lair:6   | Entered Level 6 of the Lair of Beasts
 11022 | Lair:6   | Found a hazy altar of Hepliaklqana.
 11100 | Lair:6   | XOM: harmless Tmut miscast
 11131 | Lair:6   | XOM: potion effect (haste)
 11143 | Lair:6   | Reached XP level 15. HP: 115/137 MP: 18/18
 11144 | Lair:6   | Noticed azzavlup's ghost (journeyman OgGl)
 11150 | Lair:6   | Killed azzavlup's ghost
 11413 | Lair:6   | XOM: smoke on damage
 11431 | Lair:6   | XOM: potion effect (haste)
 11438 | Lair:6   | XOM: potion effect (berserk rage)
 11630 | Lair:5   | XOM: silly message
 11634 | Lair:5   | Got a crude robe
 11646 | Lair:5   | XOM: harmless Conj miscast
 11790 | Lair:5   | Identified the cursed +0 robe of the Ladybird {rElec Stlth+} (You found it on level 5 of the Lair of Beasts)
 11875 | Lair:4   | Reached skill level 5 in Earth Magic
 11982 | Lair:2   | XOM: summons 7 hostile demons
 12019 | Snake:1  | Entered Level 1 of the Snake Pit
 12026 | Snake:1  | XOM: snakes to sticks
 12062 | Snake:1  | Noticed Frances
 12067 | Snake:1  | XOM: divination: detect items
 12069 | Snake:1  | XOM: swap monsters
 12093 | Snake:1  | HP: 6/137 [Frances/short sword (23)]
 12185 | Snake:1  | XOM: mild Tmut miscast
 12203 | Snake:1  | XOM: potion effect (agility)
 12233 | Snake:1  | XOM: severe Erth miscast
 12241 | Snake:1  | Reached skill level 5 in Transmutations
 12304 | Snake:1  | too strong
 12431 | Snake:1  | Found a blossoming altar of Fedhas.
 12504 | Snake:1  | XOM: summons 8 friendly demons
 12510 | Snake:1  | XOM: summons friendly iron imp
 12516 | Snake:1  | XOM: fog
 12585 | Snake:1  | Found Oxeqor's Distillery.
 12591 | Snake:1  | Bought a potion of heal wounds for 60 gold pieces
 12591 | Snake:1  | Bought a potion of heal wounds for 60 gold pieces
 12591 | Snake:1  | Bought 2 potions of mutation for 60 gold pieces
 12591 | Snake:1  | Bought a potion of heal wounds for 60 gold pieces
 12591 | Snake:1  | Bought a potion of curing for 36 gold pieces
 12591 | Snake:1  | Bought a potion of curing for 36 gold pieces
 12591 | Snake:1  | Bought a potion of mutation for 30 gold pieces
 12591 | Snake:1  | Bought a potion of curing for 36 gold pieces
 12591 | Snake:1  | Bought a potion of curing for 36 gold pieces
 12591 | Snake:1  | Bought a potion of haste for 120 gold pieces
 12591 | Snake:1  | Bought a potion of brilliance for 48 gold pieces
 12607 | Snake:1  | Killed Frances
 12652 | Snake:1  | XOM: cast spell 'Ring of Flames'
 12799 | D:9      | XOM: god gift: 10 arrows
 12900 | Elf:1    | Entered Level 1 of the Elven Halls
 12915 | Elf:1    | Found a ruined silver gateway.
 12921 | Elf:1    | XOM: cast spell 'Cause Fear'
 12965 | Elf:1    | 4thArraOfDagon: whats tis
 12965 | Elf:1    | 4thArraOfDagon: can i surive
 12981 | Desolati | Entered the Desolation of Salt
 13029 | Desolati | timbw: whats this place
 13031 | Desolati | XOM: 8-stop teleportation journey
 13032 | Desolati | Noticed an imperial myrmidon
 13032 | Desolati | 4thArraOfDagon: wew
 13035 | Desolati | 4thArraOfDagon: hell i kno
 13037 | Desolati | timbw: wtf is this
 13044 | Desolati | Noticed an imperial myrmidon
 13048 | Desolati | timbw: did abyss and lab have a child
 13139 | Desolati | 4thArraOfDagon: desolation of salt
 13139 | Desolati | 4thArraOfDagon: new branch
 13143 | Desolati | 4thArraOfDagon: with endless expanses of salt
 13143 | Desolati | 4thArraOfDagon: wow
 13143 | Desolati | timbw: so
 13143 | Desolati | timbw: is it like
 13143 | Desolati | timbw: abyssy
 13150 | Desolati | 4thArraOfDagon: abyss with killing holes
 13218 | Desolati | 4thArraOfDagon: can you check trunk notes
 13276 | Desolati | Reached XP level 16. HP: 112/146 MP: 19/19
 13302 | Desolati | durraq: what is this place?
 13307 | Desolati | 4thArraOfDagon: desolation of salt
 13367 | Desolati | Identified a +0 rod of ignition (12/12) (You found it in the Desolation of Salt)
 13432 | Desolati | XOM: cast spell 'Hydra Form'
 13508 | Desolati | Sapher: do you have rSalt? ^_^
 13538 | Desolati | XOM: cleaving
 13540 | Desolati | 4thArraOfDagon: no but
 13540 | Desolati | 4thArraOfDagon: i can still put my cloak to washing machine
 13540 | Desolati | 4thArraOfDagon: at least thats what they say
 13559 | Desolati | XOM: stat loss: -1 Int (13/14)
 13569 | Desolati | Identified the +1 leather armour "Uwatruc" {+Inv rF++ rC- Stlth+} (You found it in the Desolation of Salt)
 13594 | Desolati | Reached skill level 19 in Long Blades
 13780 | Desolati | XOM: noise
 13887 | Desolati | XOM: summons 2 hostile shadow creatures
 14015 | Desolati | XOM: medium Ice miscast
 14041 | Desolati | 4thArraOfDagon: that would be it :(
 14041 | Desolati | 4thArraOfDagon: lets check exp
 14041 | Desolati | 4thArraOfDagon: A frost giant (IceCv) 2 imperial myrmidons
 14041 | Desolati | 4thArraOfDagon: they seem to be similar tier to frost giants
 14041 | Desolati | 4thArraOfDagon: 9 ragged hierophants
 14041 | Desolati | 4thArraOfDagon: 3 crystal guardians
 14041 | Desolati | 4thArraOfDagon: thats fair exp
 14171 | Elf:1    | XOM: give mutations
 14171 | Elf:1    | Lost mutation: You are resistant to hostile enchantments. (MR+) [Xom's mischief]
 14171 | Elf:1    | Lost mutation: Armour fits poorly on your strangely shaped body. [Xom's mischief]
 14171 | Elf:1    | Gained mutation: Armour fits poorly on your strangely shaped body. [Xom's mischief]
 14171 | Elf:1    | Lost mutation: Your muscles are strong. (Str +2) [Xom's mischief]
 14308 | Elf:1    | Found Toliolic's Armour Shop.
 14330 | Elf:1    | XOM: polymorph deep elf demonologist -> queen ant
 14401 | Elf:1    | XOM: swap monsters
 14463 | Elf:2    | XOM: swap monsters
 14512 | Elf:2    | Found a deep blue altar of Sif Muna.
 14565 | Elf:2    | XOM: summons 3 friendly demons
 14600 | Elf:2    | Gained mutation: You are partially covered in iridescent scales. (AC +2) [potion of mutation]
 14613 | Elf:2    | Found Serihesu's Armour Shoppe.
 14687 | Elf:3    | Entered Level 3 of the Elven Halls
 14708 | Elf:3    | XOM: cast spell 'Disjunction'
 14748 | Elf:3    | Found a magical portal.
 14757 | WizLab   | Entered The Roulette of Golubria
 14761 | WizLab   | Found a corrupted altar of Lugonu.
 14761 | WizLab   | Noticed an eldritch tentacle
 14831 | WizLab   | Noticed a tentacled starspawn
 14840 | WizLab   | Killed a tentacled starspawn
 14879 | WizLab   | Identified Golubria's Papyrus of Displacement
 14882 | WizLab   | Learned a level 1 spell: Apportation
 14887 | WizLab   | Learned a level 4 spell: Passage of Golubria
 15044 | WizLab   | XOM: cast spell 'Summon Mana Viper'
 15052 | WizLab   | XOM: butterfly on damage
 15064 | WizLab   | Killed an eldritch tentacle
 15094 | WizLab   | Learned a level 2 spell: Blink
 15101 | WizLab   | Gained mutation: Your muscles are strong. (Str +2) [potion of mutation]
 15102 | WizLab   | Gained mutation: Your magical capacity is low. (-10% MP) [potion of mutation]
 15156 | WizLab   | XOM: divination: detect creatures
 15276 | Elf:3    | XOM: enchant monster (good)
 15286 | Elf:3    | XOM: divination: detect creatures
 15310 | Elf:3    | XOM: silly message
 15330 | Elf:3    | Reached skill level 15 in Fighting
 15337 | Elf:3    | Reached XP level 17. HP: 151/156 MP: 19/19
 15343 | Elf:3    | XOM: enchant monster (good)
 15348 | Elf:3    | Noticed a Tzitzimitl
 15352 | Elf:3    | XOM: cast spell 'Call Canine Familiar'
 15362 | Elf:3    | XOM: cast spell 'Disjunction'
 15543 | Elf:3    | XOM: harmless Fire miscast
 15547 | Elf:3    | XOM: polymorph deep elf archer -> death drake
 15628 | Elf:3    | XOM: destruction
 15634 | Elf:3    | XOM: scenery: 3 doors open, 2 doors close
 15744 | Elf:3    | XOM: divination: detect items
 15749 | Elf:3    | Reached skill level 20 in Long Blades
 15794 | Elf:3    | XOM: confuse monster(s)
 16082 | Elf:3    | Got a shimmering leather armour
 16093 | Elf:3    | XOM: destruction
 16097 | Elf:3    | Noticed a deep elf blademaster
 16109 | Elf:3    | XOM: divination: detect creatures
 16114 | Elf:3    | Killed a deep elf blademaster
 16114 | Elf:3    | Reached skill level 15 in Dodging
 16155 | Elf:3    | XOM: summons 4 friendly demons
 16179 | Elf:3    | Noticed Louise
 16189 | Elf:3    | Killed Louise
 16191 | Elf:3    | sry
 16191 | Elf:3    | XOM: scenery: create altars
 16219 | Elf:3    | Noticed a deep elf master archer
 16228 | Elf:3    | Killed a deep elf master archer
 16229 | Elf:3    | Noticed a deep elf master archer
 16238 | Elf:3    | Killed a deep elf master archer
 16283 | Elf:3    | Noticed an Ice Fiend
 16300 | Elf:3    | XOM: smoke on damage
 16300 | Elf:3    | Demolished by an Ice Fiend

Vault maps used:
D:1:      evilmike_arrival_rings
D:2:      nicolae_qazlal_eye_of_the_storm, first_bread,
          trog_three_pillars_becter, uniq_robin
D:3:      lemuel_doored_altar, old_standard_altar, overflow_temple_1_default,
          lemuel_tele_altar, uniq_natasha
D:4:      lemuel_coloured_pillars_altar, old_standard_altar, minivault_26,
          lightli_corner_chamber
D:5:      led_xom_imps
D:6:      minmay_misc_feat_nine_boxes
D:7:      lemuel_crystal_altar, uniq_duvessa, uniq_joseph, uniq_menkaure
D:8:      makhleb_heckhound_becter, lemuel_round_altar,
          overflow_temple_1_default, hangedman_pestilent_swarm
D:9:      overflow_temple_1_default, fedhas_altar_1, minmay_lair_entry_lava
D:10:     serial_undead, serial_undead_d, serial_undead_f, serial_undead_f,
          serial_undead_e, serial_undead_b, serial_shops,
          nicolae_shop_behind_doors, shop,
          nicolae_shop_competitors_out_of_business, shop
D:11:     erik_orc_1, dk_noncrumbling_2, nrook_mini_backslash
D:12:     lab_entry_generic, minivault_15, hangedman_incinerator, uniq_harold,
          uniq_azrael, uniq_erolcha
D:13:     david_vaults_3
D:14:     serial_shops, nicolae_shop_waterfront, portal_ice_cave_demonic_guard,
          uniq_josephine
D:15:     gammafunk_depths_entry_grave, roderic_ancient_swastika,
          minmay_misc_feat_diagonals
Lair:1:   lemuel_reptile_caves, minmay_hedge_maze
Lair:2:   minmay_snake_entry_spellcaster
Lair:3:   enter_volcano_2, nicolae_quartered_pool_super
Lair:4:   minmay_swamp_entry_reptiles, basic_altar
Lair:5:   minmay_slime_entry_oklob_open, guppyfry_lair_drakes
Lair:6:   grunt_lair_end_beastmaster, basic_altar, pond
Snake:1:  serial_shops, shop, basic_altar, uniq_rupert, uniq_frances
Orc:1:    serial_shops, nicolae_shop_crystal
Orc:2:    st_orc_rangers, serial_shops, shop_statue, mines3_lemuel, uniq_snorg
Elf:1:    serial_co_window_serial, co_window_paths_a, co_window_corner_a,
          co_window_paths_a, co_window_paths_b, co_window_paths_a,
          co_window_cross_1, co_window_corner_a, co_window_corner_b,
          co_window_2corner, co_window_broadway_a, co_window_broadway_b,
          co_window_4corner_a, glass_columns_a, serial_shops, shop,
          portal_desolation_entry_twin_temple
Elf:2:    basic_altar, serial_shops, shop
Elf:3:    elf_hall_gauntlet_wide, mu_enter_wizlab_5, uniq_louise
Lab:      nicolae_lab_dead_adventurers, nicolae_lab_dead_end,
          nicolae_lab_hexagon, lab_block
IceCv:    ice_cave_small_giant
Volcano:  pf_volcano_lost_world
WizLab:   wizlab_golubria

Skill      XL: |  1  2  3  4  5  6  7  8  9 10 11 12 13 14 15 16 17 |
---------------+----------------------------------------------------+-----
Long Blades    | 4 5 6 7 8 10 11 13 14 16 17 18 19 20 | 20.5
Fighting       | 4 5 6 8 9 10 11 12 13 14 15 | 15.5
Armour         | 3 4 5 7 8 9 10 12 13 14 | 14.2
Evocations     | 4 6 |  6.1
Dodging        | 4 8 10 11 12 14 15 | 15.3
Earth Magic    | 4 6 7 |  7.3
Transmutations | 4 6 7 |  7.0
Spellcasting   | 1 3 |  3.5

Action                   |  1- 3 |  4- 6 |  7- 9 | 10-12 | 13-15 | 16-18 || total
-------------------------+-------+-------+-------+-------+-------+-------++-------
Melee: Falchion          |    69 |   101 |   281 |   147 |       |       ||   598
       Headbutt          |     9 |    13 |    45 |   177 |   427 |   245 ||   916
       Great sword       |       |       |       |   478 |  1181 |   628 ||  2287
       Unarmed           |       |       |       |     3 |       |    16 ||    19
       Kick              |       |       |       |       |   466 |   195 ||   661
Throw: Javelin           |       |       |     3 |       |       |       ||     3
       Throwing net      |       |       |       |       |     2 |     2 ||     4
 Abil: Evoke Invisibilit |       |       |       |     1 |     1 |       ||     2
       Turn Visible      |       |       |       |       |     1 |       ||     1
       Stop Flying       |       |       |       |       |       |     1 ||     1
Evoke: Wand              |       |       |     3 |    25 |    16 |     9 ||    53
       Lamp of fire      |       |       |     1 |     1 |       |       ||     2
  Use: Potion            |       |       |     3 |     2 |     8 |    12 ||    25
       Scroll            |       |       |     5 |    19 |    17 |    13 ||    54
 Stab: Petrified         |     8 |       |       |     4 |       |       ||    12
       Paralysed         |       |       |     5 |    30 |     3 |       ||    38
       Invisible         |       |       |       |     2 |    12 |     3 ||    17
       Confused          |       |       |       |     1 |     5 |     1 ||     7
       Petrifying        |       |       |       |       |     2 |     2 ||     4
       Sleeping          |       |       |       |       |     2 |     2 ||     4
       Distracted        |       |       |       |       |     2 |     1 ||     3
       Held in net/web   |       |       |       |       |     6 |       ||     6
  Eat: Chunk             |       |     3 |     3 |     5 |     8 |       ||    19
       Fruit             |       |       |     2 |     3 |     5 |       ||    10
       Royal jelly       |       |       |       |     2 |       |     3 ||     5
       Bread ration      |       |       |       |     1 |     2 |     1 ||     4
       Beef jerky        |       |       |       |       |     4 |     2 ||     6
       Pizza             |       |       |       |       |     1 |       ||     1
Armor: Leather armour    |    26 |    16 |     3 |       |       |       ||    45
       Skin              |       |       |    47 |       |       |     1 ||    48
       Plate armour      |       |       |    34 |   259 |   278 |    50 ||   621
       Ring mail         |       |       |    30 |    42 |    44 |    33 ||   149
       Crystal plate arm |       |       |       |   100 |       |       ||   100
Dodge: Dodged            |    20 |    47 |   123 |   238 |   754 |   293 ||  1475
